 Dungeon Crawl Stone Soup version 0.20-a0-256-gabb291d (webtiles) character file.

109 rjrrt the Magician (level 4, -2/24 HPs)
             Began as a Deep Elf Fire Elementalist on Dec 2, 2016.
             Slain by an ice beast (8 damage)
             ... on level 3 of the Dungeon.
             The game lasted 00:05:53 (2626 turns).

rjrrt the Magician (Deep Elf Fire Elementalist)     Turns: 2626, Time: 00:05:54

Health: -2/24      AC:  2    Str:  5    XL:     4   Next: 59%
Magic:  5/12       EV: 13    Int: 21    God:
Gold:   80         SH:  0    Dex: 15    Spells: 3/11 levels left

rFire  . . .     SeeInvis .     g - +0 quarterstaff
rCold  . . .     Gourm    .     a - +0 robe
rNeg   . . .     Faith    .     (shield currently unavailable)
rPois  .         Spirit   .     (no helmet)
rElec  .         Reflect  .     (no cloak)
rCorr  .         Harm     .     (no gloves)
MR     .....                    (no boots)
Stlth  ++........               (no amulet)
                                (no ring)
                                (no ring)

@: no status effects
A: no striking features
a: no special abilities


You were on level 3 of the Dungeon.
You were not hungry.

You visited 1 branch of the dungeon, and saw 3 of its levels.

You collected 80 gold pieces.

Inventory:

Hand Weapons
 g - a +0 quarterstaff (weapon)
Missiles
 l - 57 stones (quivered)
 t - 14 sling bullets
Armour
 a - a +0 robe (worn)
Jewellery
 q - a +6 amulet of reflection {unknown}
 s - an uncursed ring of see invisible {unknown}
Scrolls
 d - a scroll of teleportation {unknown}
 e - 2 scrolls of amnesia {unknown}
 i - a scroll of random uselessness {unknown}
 j - 2 scrolls of remove curse {unknown}
 k - 3 scrolls of recharging {unknown}
 n - a scroll of fear {unknown}
 o - a scroll of identify {unknown}
 r - a scroll of noise {unknown}
 u - a scroll of fog {unknown}
Potions
 m - a potion of heal wounds {unknown}
 p - a potion of berserk rage {unknown}
 v - a potion of curing {unknown}
 w - a potion of haste
Books
 b - a book of Flames

   Spells                             Type                      Level
   a - Flame Tongue                   Conjuration/Fire             1
   b - Throw Flame                    Conjuration/Fire             2
   c - Conjure Flame                  Conjuration/Fire             3
   d - Inner Flame                    Hexes/Fire                   3
   e - Sticky Flame                   Conjuration/Fire             4
   f - Fireball                       Conjuration/Fire             5
Comestibles
 c - 2 bread rations
 f - 4 chunks of flesh
 h - 4 fruits


   Skills:
 - Level 2.4 Dodging
 - Level 2.4 Stealth
 + Level 4.4 Spellcasting
 * Level 3.3 Conjurations
 + Level 4.1 Fire Magic


You had 3 spell levels left.
You knew the following spells:

 Your Spells              Type           Power        Failure   Level  Hunger
a - Flame Tongue          Conj/Fire      ###..        2%          1    None
b - Conjure Flame         Conj/Fire      ###.....     10%         3    ##.....
c - Sticky Flame          Conj/Fire      ###.....     28%         4    ####...


Dungeon Overview and Level Annotations

Branches:
Dungeon (3/15)

Altars:
Fedhas
Hepliaklqana
Nemelex Xobeh
Okawaru


Message History

The ice beast misses you.
Casting: Flame Tongue
Confirm with . or Enter, or press ? or * to list all spells.
Aiming: Flame Tongue
Press: ? - help, Shift-Dir - straight line, f/p - ice beast
Aim: an ice beast (severely wounded)
The flame tongue hits the ice beast.
The ice beast is severely wounded.
The ice beast hits you but does no damage.
Casting: Flame Tongue
Confirm with . or Enter, or press ? or * to list all spells.
Aiming: Flame Tongue
Press: ? - help, Shift-Dir - straight line, f/p - ice beast
Aim: an ice beast (severely wounded)
The flame tongue hits the ice beast.
The ice beast melts!
The ice beast is severely wounded.
The ice beast hits you.
* * * LOW HITPOINT WARNING * * *
The ice beast freezes you!
You die...

...##.#
#.#
...##.#
#.#
...#
#.#
#..#
#.# #.#
#.# #.#
#.# #@#
#Y#


#SS #... #.... #..... #...... #....... You could see an ice beast and 2 adders.

Vanquished Creatures
  4 adders
  An ooze (D:1)
  A worm (D:2)
  A dart slug (D:1)
  4 leopard geckos
  4 orcs (D:3)
  A ball python (D:3)
  8 bats
  5 giant cockroaches
  5 goblins
  9 hobgoblins
  2 jackals (D:1)
  4 kobolds
  A frilled lizard (D:1)
  4 rats
54 creatures vanquished.

Notes
Turn   | Place    | Note
-------+----------+-------------------------------------------
     0 | D:1      | rjrrt the Deep Elf Fire Elementalist began the quest for the Orb.
     0 | D:1      | Reached XP level 1. HP: 10/10 MP: 6/6
    88 | D:1      | Reached XP level 2. HP: 15/15 MP: 5/8
   792 | D:1      | Reached XP level 3. HP: 19/19 MP: 8/10
   864 | D:1      | Learned a level 3 spell: Conjure Flame
  1164 | D:2      | Found an iron altar of Okawaru.
  1728 | D:2      | Reached XP level 4. HP: 24/24 MP: 7/12
  1771 | D:2      | Learned a level 4 spell: Sticky Flame
  1863 | D:2      | Found a hazy altar of Hepliaklqana.
  1863 | D:2      | Found a blossoming altar of Fedhas.
  2023 | D:2      | Found a sparkling altar of Nemelex Xobeh.
  2616 | D:3      | Noticed an ice beast
  2626 | D:3      | Slain by an ice beast

Vault maps used:
D:1:      doesnt_arrival_goblin_jail, minmay_misc_feat_rows
D:2:      okawaru_gym_becter, gammafunk_temple_overflow_wave,
          nemelex_spade_bored_becter
D:3:      minmay_fountain_box, serial_park_tiny_1, kennysheep_generic_room_4

Skill      XL: |  1  2  3  4 |
---------------+-------------+-----
Conjurations   | 2 3 |  3.3
Spellcasting   | 4 |  4.4
Fire Magic     | 4 |  4.1
Dodging        | |  2.4
Stealth        | |  2.4

Action                   |  1- 3 |  4- 6 || total
-------------------------+-------+-------++-------
Melee: Unarmed           |     1 |       ||     1
       Quarterstaff      |       |     1 ||     1
Throw: Stone             |     3 |    17 ||    20
 Cast: Flame Tongue      |    59 |    40 ||    99
       Conjure Flame     |     1 |       ||     1
  Eat: Chunk             |     2 |     3 ||     5
Armor: Robe              |     4 |     3 ||     7
Dodge: Dodged            |    10 |     7 ||    17
